 Dungeon Crawl Stone Soup version 0.22-a0-282-gdd34a7d (webtiles) character file.

599 Amnesiac the Magician (level 7, 0/50 HPs)
             Began as a Human Wizard on Mar 17, 2018.
             Was a Believer of Sif Muna.
             Slain by an orc
             ... wielding a +1 flail of holy wrath
              (11 damage)
             ... on level 4 of the Dungeon.
             The game lasted 00:06:27 (4052 turns).

Amnesiac the Magician (Human Wizard)                Turns: 4052, Time: 00:06:27

Health: 0/50       AC:  4    Str:  7    XL:     7   Next: 68%
Magic:  14/15      EV: 12    Int: 20    God:    Sif Muna [**....]
Gold:   138        SH:  0    Dex: 12    Spells: 6/17 levels left

rFire    . . .     SeeInvis .   r - +1 dagger (venom)
rCold    . . .     Gourm    .   (no shield)
rNeg     . . .     Faith    +   a - +0 robe
rPois    .         Spirit   .   b - +0 hat
rElec    .         Reflect  .   (no cloak)
rCorr    .         Harm     .   g - +1 pair of gloves
MR       .....                  (no boots)
Stlth    ++........             f - amulet of faith
HPRegen  0.16/turn              j - -3 ring of slaying (curse)
MPRegen  0.14/turn              l - ring of wizardry

@: divine energy
A: no striking features
a: Stop Divine Energy, Renounce Religion


You were on level 4 of the Dungeon.
You worshipped Sif Muna.
Sif Muna was pleased with you.
You were not hungry.

You visited 1 branch of the dungeon, and saw 4 of its levels.

You collected 138 gold pieces.

Inventory:

Hand Weapons
 r - a +1 dagger of venom (weapon)
Armour
 a - a +0 robe (worn)
 b - a +0 hat (worn)
 g - a +1 pair of gloves (worn)
Jewellery
 f - an amulet of faith (around neck)
 j - a cursed -3 ring of slaying (left hand)
 l - a ring of wizardry (right hand)
Scrolls
 e - 8 scrolls of identify {!r}
 k - a scroll of enchant armour {!r}
 n - 2 scrolls of remove curse {!r, unknown}
 q - 2 scrolls of teleportation {!r}
 s - a scroll of fog {!r}
Potions
 c - a potion of mutation {!q, unknown}
 h - a potion of haste {!q}
 i - a potion of ambrosia {!q, unknown}
 m - a potion of degeneration {!q, unknown}
 p - a potion of brilliance {!q, unknown}
Comestibles
 d - 6 rations
 o - 2 chunks of flesh


   Skills:
 - Level 2.0 Fighting
 - Level 2.0 Dodging
 - Level 2.0 Stealth
 * Level 5.6 Spellcasting
 - Level 5.1 Conjurations
 - Level 1.0 Summonings
 - Level 1.0 Translocations


You had 6 spell levels left.
You knew the following spells:

 Your Spells              Type           Power        Failure   Level  Hunger
a - Magic Dart            Conj           ####         1%          1    None
b - Call Imp              Summ           #.......     4%          2    None
e - Mephitic Cloud        Conj/Pois/Air  ##......     6%          3    ##.....
s - Conjure Flame         Conj/Fire      ###.....     4%          3    ##.....
v - Blink                 Tloc           N/A          4%          2    None


Dungeon Overview and Level Annotations

Branches:
Dungeon (4/15)             Temple (0/1) D:4

Altars:
Ashenzari
Sif Muna
Xom
Yredelemnul


Message History

The hound bites you.
You hit the hound.
The hound looks as sick as possible!
The hound is heavily wounded.
The hound bites you. The hound bites you but does no damage.
You hit the hound but do no damage.
The hound looks as sick as possible!
The hound is severely wounded.
The hound bites you.
You closely miss the hound.
The hound is severely wounded.
The hound closely misses you. The quokka bites you. The hound bites you.
* * * LOW HITPOINT WARNING * * *
You kill the hound!
Sif Muna accepts your kill. The quokka misses you.
You closely miss the quokka. The quokka bites you.
* * * LOW HITPOINT WARNING * * *
Some of the chunks of flesh in your inventory have rotted away.
You hit the quokka but do no damage.
The quokka is poisoned.
The quokka bites you.
* * * LOW HITPOINT WARNING * * *
The quokka bites you.
* * * LOW HITPOINT WARNING * * *
You hit the quokka but do no damage.
The quokka looks as sick as possible!
The quokka is lightly wounded.
The quokka misses you.
You hit the quokka but do no damage.
The quokka looks as sick as possible!
The quokka is moderately wounded.
The quokka closely misses you.
You closely miss the quokka.
The quokka is severely wounded.
You kill the quokka!
Sif Muna accepts your kill.
You hit the dart slug.
The dart slug is lightly wounded.
The dart slug closely misses you.
You hit the dart slug but do no damage.
The dart slug is poisoned.
The dart slug is lightly wounded.
You hit the dart slug but do no damage.
The dart slug is moderately wounded.
The dart slug closely misses you.
You hit the dart slug.
The dart slug looks as sick as possible!
The dart slug is almost dead.
You kill the dart slug!
Sif Muna accepts your kill.
You closely miss the orc. The orc barely misses you.
You hit the orc but do no damage. You hit the orc but do no damage.
The orc is poisoned.
The orc hits you with a flail of holy wrath!
* * * LOW HITPOINT WARNING * * *
You are too injured to fight recklessly!
You are too injured to fight recklessly!
You are too injured to fight recklessly!
You are too injured to fight recklessly!
You are too injured to fight recklessly!
Casting: Magic Dart (safe; 1% risk of failure)
Confirm with . or Enter, or press ? or * to list all spells.
Aiming: Magic Dart (safe; 1% risk of failure)
Press: ? - help, Shift-Dir - straight line, f - orc
Aim: an orc, wielding a flail of holy wrath (lightly wounded, poisoned)
The magic dart hits the orc.
The orc is severely wounded.
The orc hits you with a flail of holy wrath!
You die...

#. #.. #. # # .. #. .. .#
#.#.## ... .###..###.#..#
###..# ... <%....#.##.....#
####.# #..........# ...#.##
# .#........#
÷..#..##...###..###.###
.........####...@##...###..
..<...#.###...##.o.##>w....
)...#.......######.†?#
#######.##...# ###.#
##....#...... .# #
####...####..... ..
###.....### >..... ...
..........# ...... #.#.
###...###.# ..... .###


You could see an orc.

Vanquished Creatures
  A sky beast (D:3)
  2 hounds (D:4)
  2 orc priests (D:4)
  3 orc wizards
  A worker ant (D:4)
  A hound skeleton (D:4)
  A worker ant zombie (D:2)
  3 adders
  4 gnolls (D:3)
  2 oozes
  A worm (D:2)
  3 dart slugs
  2 leopard geckos (D:2)
  8 orcs
  4 bats
  2 giant cockroaches
  5 hobgoblins
  9 jackals (D:3)
  5 quokkas
  2 ball pythons
  2 frilled lizards
  3 goblins
  9 kobolds
  11 rats
86 creatures vanquished.

Vanquished Creatures (collateral kills)
  Sigmund (D:2)
  A worm (D:2)
2 creatures vanquished.

Grand Total: 88 creatures vanquished

Notes
Turn   | Place    | Note
-------+----------+-------------------------------------------
     0 | D:1      | Amnesiac the Human Wizard began the quest for the Orb.
     0 | D:1      | Reached XP level 1. HP: 13/13 MP: 4/4
   122 | D:1      | Reached skill level 1 in Fighting
   466 | D:1      | Reached XP level 2. HP: 17/21 MP: 3/6
   558 | D:1      | Learned a level 2 spell: Call Imp
   976 | D:1      | Reached XP level 3. HP: 17/27 MP: 0/7
  1552 | D:2      | Found a deep blue altar of Sif Muna.
  1580 | D:2      | Learned a level 3 spell: Mephitic Cloud
  1588 | D:2      | Became a worshipper of Sif Muna the Loreminder
  1682 | D:2      | Noticed Sigmund
  1804 | D:2      | Killed Sigmund
  1804 | D:2      | Reached XP level 4. HP: 24/33 MP: 0/8
  1804 | D:2      | Reached XP level 5. HP: 28/38 MP: 0/9
  2114 | D:1      | Learned a level 3 spell: Conjure Flame
  2283 | D:2      | Found a basalt altar of Yredelemnul.
  2329 | D:3      | Reached * piety under Sif Muna
  2508 | D:3      | Found a shimmering altar of Xom.
  2508 | D:3      | Found a shimmering altar of Xom.
  2508 | D:3      | Found a shimmering altar of Xom.
  2522 | D:3      | Found a shimmering altar of Xom.
  2523 | D:3      | Found a shimmering altar of Xom.
  2524 | D:3      | Found a shimmering altar of Xom.
  2539 | D:3      | Reached XP level 6. HP: 44/44 MP: 4/11
  2546 | D:3      | Learned a level 2 spell: Blink
  3092 | D:3      | Found a shattered altar of Ashenzari.
  3496 | D:4      | Found a staircase to the Ecumenical Temple.
  3556 | D:4      | Noticed a sky beast
  3574 | D:3      | Killed a sky beast
  3574 | D:3      | Reached ** piety under Sif Muna
  3574 | D:3      | Reached skill level 5 in Conjurations
  3574 | D:3      | Reached XP level 7. HP: 23/50 MP: 0/14
  3751 | D:4      | Reached skill level 5 in Spellcasting
  4052 | D:4      | Slain by an orc

Vault maps used:
D:1:      nicolae_arrival_memento_mori, grunt_decor_resistance, nrook_uturn
D:2:      nicolae_overflow_hidden_temple, lemuel_round_altar, uniq_sigmund
D:3:      evilmike_ruin_ashenzari, xom_redecorated
D:4:      kennysheep_goblin_castle, minmay_temple_entry_trees,
          hangedman_decor_peaks_small, trog_wizard

Skill      XL: |  1  2  3  4  5  6  7 |
---------------+----------------------+-----
Fighting       | 1 2 |  2.0
Conjurations   | 4 5 |  5.1
Spellcasting   | 4 5 |  5.6
Dodging        | |  2.0
Stealth        | |  2.0
Summonings     | |  1.0
Translocations | |  1.0

Action                   |  1- 3 |  4- 6 |  7- 9 || total
-------------------------+-------+-------+-------++-------
Melee: Unarmed           |   116 |    22 |       ||   138
       Dagger            |       |       |    41 ||    41
 Cast: Magic Dart        |    89 |   147 |    18 ||   254
       Call Imp          |     3 |       |       ||     3
       Mephitic Cloud    |     1 |       |     1 ||     2
       Conjure Flame     |       |     2 |       ||     2
Invok: Divine Energy     |       |     1 |       ||     1
  Use: Scroll            |     6 |       |       ||     6
  Eat: Chunk             |     3 |     6 |     1 ||    10
Armor: Robe              |    49 |    23 |     7 ||    79
Dodge: Dodged            |   108 |    34 |    23 ||   165

Table legend:
 A = Spawn XP
 B = Non-spawn XP
 C = Spawn XP percentage of total XP
 D = Spawn monster count
 E = Non-spawn monster count
 F = Spawn count percentage of total count
 G = Total turns spent on level
                    A         B        C        D         E        F      G
               +---------+---------+-------+---------+---------+-------+---------
         Total |       0 |     857 |   0.0 |       0 |      88 |   0.0 |  4052
               +---------+---------+-------+---------+---------+-------+---------
           D:1 |       0 |      30 |   0.0 |       0 |      19 |   0.0 |  1332
           D:2 |       0 |     209 |   0.0 |       0 |      22 |   0.0 |   969
           D:3 |       0 |     301 |   0.0 |       0 |      33 |   0.0 |  1370
           D:4 |       0 |     317 |   0.0 |       0 |      14 |   0.0 |   381
               +---------+---------+-------+---------+---------+-------+---------
